Map: Radhuset Station LE

Players

SambaPlayer

  • Race: Zerg Zerg
  • League: Platinum
  • Spawn Location: 1:00

radiohead - Winner!

  • Race: Protoss Protoss
  • League: Platinum
  • Spawn Location: 7:00

VOD

Have the link to the VOD?

Description

Time

  • Played on: Jan. 8, 2024, 7:55 p.m.
  • Length: 19:23
Show
View Real Time Build Order
Export as new Build Order

SambaPlayer Zerg 

Build Orders: Hatch First 

Get SALT Encoding   

  12  0:00  Drone  
  13  0:14  Overlord  
  13  0:18  Drone  
  14  0:32  Drone x2  
  16  0:52  Drone  
  16  0:56  Drone  
  18  0:59  Drone, Hatchery  
  18  1:11  Extractor  
  18  1:15  Spawning Pool  
  16  1:27  Drone  
  16  1:28  Drone  
  16  1:31  Drone  
  19  1:47  Drone  
  20  2:00  Overlord  
  20  2:04  Queen  
  22  2:12  Queen  
  22  2:14  Zergling x4  
  26  2:32  Hatchery  
  25  2:47  Roach Warren  
  24  2:54  Drone x3  
  27  3:09  Overlord  
  27  3:11  Drone  
  28  3:13  Overlord  
  28  3:29  Roach x4  
  36  3:36  Roach  
  36  3:37  Roach  
  40  3:46  Roach x2  
  44  3:54  Lair  
  44  4:02  Queen  
  46  4:15  Drone x4  
  50  4:19  Overlord  
  48  4:53  Drone x6  
  48  4:54  Drone x2  
  48  4:58  Extractor  
  48  4:59  Extractor  
  54  5:02  Glial Reconstitution  
  54  5:05  Roach x2  
  54  5:06  Overlord  
  54  5:07  Overlord  
  58  5:29  Roach  
  58  5:30  Roach x5  
  70  5:35  Spore Crawler  
  70  5:38  Spore Crawler  
  68  5:59  Drone x7  
  68  6:01  Overlord x2  
  72  6:21  Drone  
  72  6:22  Drone  
  72  6:24  Drone x7  
  81  6:31  Overlord  
  81  6:49  Roach x3  
  81  6:50  Overlord, Roach x2  
  81  6:51  Overlord  
  91  6:54  Overseer  
  91  6:58  Extractor  
  91  6:59  Drone x3  
  91  7:00  Drone  
  94  7:20  Ravager  
  94  7:21  Ravager x8  
  103  7:23  Ravager  
  103  7:28  Drone x7  
  103  7:29  Drone x3  
  114  7:37  Extractor  
  114  7:38  Evolution Chamber  
  114  7:39  Evolution Chamber  
  111  7:44  Extractor  
  111  7:49  Roach x2  
  111  7:50  Overlord x2  
  114  8:01  Overlord x2  
  114  8:06  Spire  
  114  8:09  Zerg Missile Weapons Level 1  
  113  8:15  Roach  
  113  8:16  Roach x3  
  113  8:18  Overlord x3  
  116  8:39  Hydralisk Den  
  115  8:47  Roach  
  115  8:48  Roach x8  
  129  9:06  Spore Crawler  
  129  9:08  Hydralisk x7, Spore Crawler  
  129  9:09  Hydralisk x3  
  146  9:24  Muscular Augments  
  139  10:02  Overlord x2  
  139  10:03  Overlord x2  
  139  10:04  Hydralisk  
  139  10:10  Hatchery  
  138  10:22  Overlord  
  138  10:23  Hydralisk  
  138  10:24  Hydralisk  
  142  10:34  Hatchery  
  135  10:56  Roach  
  135  10:57  Roach x5  
  135  11:04  Hatchery  
  134  11:15  Grooved Spines  
  134  11:22  Hydralisk  
  134  11:23  Hydralisk x3  
  134  11:25  Roach  
  144  11:42  Drone x8  
  150  11:57  Roach  
  150  11:58  Roach x5  
  162  12:07  Infestation Pit  
  161  12:14  Hydralisk x4  
  169  12:21  Queen  
  171  12:32  Overlord  
  171  12:34  Hydralisk x4  
  179  12:40  Queen  
  179  12:42  Overlord  
  181  12:45  Overlord  
  180  12:59  Drone  
  180  13:00  Drone x4  
  180  13:01  Drone x2  
  179  13:31  Hatchery  
  129  13:42  Roach x8  
  129  13:43  Roach  
  85  14:03  Hydralisk  
  85  14:04  Hydralisk x5  
  93  14:25  Hatchery  
  92  14:40  Hydralisk  
  92  14:41  Hydralisk x5  
  104  14:57  Nydus Network  
  103  15:02  Drone x6  
  103  15:03  Drone x2  
  111  15:08  Roach x3  
  111  15:09  Roach x2  
  111  15:11  Roach x2  
  125  15:23  Hydralisk  
  125  15:24  Hydralisk x3  
  125  15:28  Roach x2  
  136  15:43  Hydralisk x5  
  100  16:02  Roach  
  100  16:03  Roach x7  
Show
View Real Time Build Order
Export as new Build Order

radiohead Protoss - Winner!

Build Orders:  

Get SALT Encoding   

  12  0:01  Probe  
  13  0:13  Probe  
  14  0:20  Pylon  
  14  0:29  Probe  
  15  0:41  Probe  
  16  0:46  Assimilator  
  16  0:49  Gateway  
  16  0:55  Probe  
  17  1:06  Pylon  
  17  1:08  Probe (Chrono Boost)  
  19  1:18  Probe (Chrono Boost)  
  19  1:23  Probe (Chrono Boost)  
  20  1:36  Cybernetics Core  
  20  1:38  Probe  
  21  1:42  Forge  
  21  1:48  Assimilator  
  21  1:50  Probe  
  22  2:02  Probe  
  22  2:06  Gateway  
  23  2:13  Twilight Council  
  23  2:19  Stalker  
  25  2:25  Probe  
  26  2:39  Probe  
  26  2:43  Warp Gate  
  26  2:56  Gateway  
  26  2:58  Charge  
  26  3:01  Zealot x2  
  30  3:14  Robotics Facility  
  30  3:18  Probe  
  31  3:23  Protoss Ground Weapons Level 1  
  31  3:34  Pylon  
  31  3:52  Nexus  
  31  3:58  Shield Battery  
  31  4:11  Warp Prism (Chrono Boost)  
  33  4:39  Zealot x3  
  39  4:55  Photon Cannon  
  39  4:58  Pylon  
  39  4:59  Shield Battery  
  39  5:22  Stalker x3  
  39  5:25  Probe x2 (Chrono Boost)  
  47  5:35  Probe x2 (Chrono Boost)  
  49  5:45  Stargate  
  45  6:05  Zealot x3  
  45  6:10  Probe x2, Pylon  
  51  6:12  Pylon  
  45  6:22  Probe x2  
  47  6:29  Stargate  
  47  6:34  Probe, Assimilator  
  47  6:35  Probe  
  47  6:36  Assimilator  
  49  6:44  Protoss Shields Level 1  
  49  6:47  Probe  
  50  6:48  Stalker  
  50  6:49  Probe  
  53  7:03  Pylon  
  53  7:09  Probe x2  
  59  7:19  Void Ray (Chrono Boost)  
  59  7:22  Void Ray (Chrono Boost)  
  63  7:31  Probe x2  
  65  7:46  Probe  
  65  7:47  Probe  
  71  7:52  Void Ray  
  71  7:56  Void Ray, Pylon  
  75  8:06  Zealot x3  
  81  8:18  Nexus  
  77  8:39  Zealot  
  77  8:40  Zealot x2  
  91  8:53  Void Ray x2  
  91  8:57  Probe x2  
  93  9:34  Pylon x2  
  93  9:36  Pylon  
  93  9:38  Pylon  
  87  10:02  Zealot x2  
  87  10:03  Zealot  
  87  10:05  Probe x3 (Chrono Boost)  
  96  10:17  Probe (Chrono Boost)  
  96  10:18  Probe (Chrono Boost)  
  99  10:23  Probe (Chrono Boost)  
  99  10:25  Probe (Chrono Boost), Immortal  
  104  10:29  Probe (Chrono Boost)  
  105  10:48  Robotics Facility x2  
  95  10:59  Zealot x3  
  95  11:01  Immortal (Chrono Boost)  
  113  11:06  Probe  
  113  11:07  Probe x2  
  113  11:08  Void Ray x2  
  113  11:10  Protoss Ground Weapons Level 2 (Chrono Boost)  
  116  11:19  Probe  
  117  11:30  Immortal (Chrono Boost)  
  117  11:34  Immortal x2 (Chrono Boost)  
  129  11:45  Forge  
  129  11:46  Forge  
  129  11:49  Probe  
  129  11:50  Probe x2  
  129  11:52  Assimilator  
  129  11:54  Assimilator  
  132  12:01  Probe  
  132  12:02  Probe, Immortal  
  138  12:14  Protoss Ground Armor Level 1 (Chrono Boost)  
  138  12:15  Protoss Shields Level 2 (Chrono Boost)  
  138  12:24  Zealot  
  140  12:39  Pylon  
  140  12:42  Pylon  
  140  12:44  Pylon  
  140  12:57  Immortal x2  
  148  13:00  Immortal  
  148  13:01  Zealot  
  148  13:02  Zealot  
  148  13:03  Probe x3  
  159  13:05  Pylon  
  159  13:06  Pylon  
  159  13:09  Pylon  
  159  13:18  Zealot  
  142  13:36  Immortal x2 (Chrono Boost)  
  142  13:37  Immortal (Chrono Boost)  
  137  13:48  Zealot x3  
  88  14:03  Assimilator  
  88  14:11  Zealot x3  
  88  14:12  Nexus  
  88  14:14  Immortal x3  
  88  14:15  Pylon  
  114  14:17  Pylon  
  114  14:21  Void Ray x2  
  114  14:29  Gateway  
  114  14:30  Gateway  
  114  14:38  Zealot x3  
  128  15:03  Stalker x3  
  128  15:04  Void Ray x2  
  134  15:13  Immortal x2  
  142  15:30  Immortal  
  142  15:32  Stalker  
  142  15:33  Zealot  
  126  16:03  Stalker x5  
  124  16:39  Immortal x2  
  124  16:40  Immortal  
  124  16:42  Stalker x4  
  124  17:07  Assimilator x2  
  124  17:30  Stalker x2  
  124  17:31  Stalker x3  
  124  17:34  Immortal x2  
Tags
 
Add a new tag
Caveats
  • Supply blocks, unpowered buildings, or Contaminate may cause inaccurate times.
  • Supply counts are checked every 10 seconds.